 Dungeon Crawl Stone Soup version 0.29.1-15-g9cfb28693d (webtiles) character file.

Game seed: 823814781594159362

509 Jase the Changer (level 7, -1/43 HPs)
             Began as an Octopode Transmuter on Apr 24, 2023.
             Was an Initiate of Ashenzari.
             Slain by a phantom (7 damage)
             ... on level 5 of the Dungeon.
             The game lasted 00:10:34 (5864 turns).

Jase the Changer (Octopode Transmuter)              Turns: 5864, Time: 00:10:35

Health: -1/43      AC:  1    Str:  9    XL:     7   Next: 19%
Magic:  10/10      EV: 14    Int: 18    God:    Ashenzari [......]
Gold:   193        SH:  0    Dex: 12    Spells: 4/10 levels left

rFire   . . .      SeeInvis +     - Unarmed
rCold   . . .      Faith    .   (no shield)
rNeg    . . .      Spirit   .   (helmet currently unavailable)
rPois   .          Reflect  .   (no amulet)
rElec   .          Harm     .   s - ring of see invisible
rCorr   .          Rampage  .   (no ring)
Will    .....                   (no ring)
Stlth   ++........              (no ring)
HPRegen 0.14/turn               (no ring)
MPRegen 0.12/turn               (no ring)
                                (no ring)
                                (no ring)

@: appendages
A: tentacle spike 3, almost no armour, amphibious, 8 rings, camouflage 1,
gelatinous body 1, (nimble swimmer 1), tentacles
a: End Transformation, Renounce Religion


You were on level 5 of the Dungeon.
You worshipped Ashenzari.
Ashenzari was noncommittal.
One of your tentacles had grown a beastly spike.
You visited 2 branches of the dungeon, and saw 6 of its levels.

You collected 193 gold pieces.

Inventory:

Missiles
 b - 35 stones
 d - 3 boomerangs
Jewellery
 s - a ring of see invisible (left tentacle)
Wands
 o - a wand of mindburst (8)
Scrolls
 c - 2 scrolls of poison
 e - 2 scrolls of fog
 f - a scroll of torment
 j - a scroll of amnesia {unknown}
 k - a scroll of enchant weapon {unknown}
 m - a scroll of noise
 n - 2 scrolls of fear {unknown}
 t - a scroll of blinking {unknown}
 u - a scroll of silence {unknown}
 v - a scroll of teleportation {unknown}
Potions
 a - a potion of attraction
 h - a potion of curing
 i - 2 potions of magic
 l - a potion of might
 p - 2 potions of haste {unknown}
 r - a potion of brilliance


   Skills:
 - Level 1.0 Fighting
 + Level 3.8 Dodging
 + Level 4.4 Unarmed Combat
 - Level 2.0 Spellcasting
 * Level 5.1 Transmutations
 + Level 3.2 Poison Magic


You had 4 spell levels left.
You knew the following spells:

 Your Spells              Type           Power      Damage    Failure   Level
a - Beastly Appendage     Tmut           40%        N/A       2%          1
b - Wereblood             Tmut           20%        N/A       3%          2
c - Spider Form           Tmut/Pois      16%        N/A       10%         3

Your spell library contained the following spells:

 Spells                   Type           Power      Damage    Failure   Level
 Summon Small Mammal      Summ           4%         N/A       19%         1
 Call Canine Familiar     Summ           1%         N/A       47%         3
 Summon Guardian Golem    Hex/Summ       1%         N/A       47%         3
 Ice Form                 Ice/Tmut       11%        N/A       52%         4
 Dispersal                Tloc           0%         N/A       100%        6
 Disjunction              Tloc           0%         N/A       100%        8


Dungeon Overview and Level Annotations

Branches:
Dungeon (5/15)             Temple (1/1) D:4

Altars:
Ashenzari
Gozag
Hepliaklqana
Kikubaaqudgha
Qazlal
Trog
Uskayaw
Wu Jian
Xom
Zin

Annotations:
D:4 2 transporters, SpyderV's ghost, novice HOFi


Innate Abilities, Weirdness & Mutations

One of your tentacles has grown a beastly spike.
You cannot wear most types of armour.
You are amphibious.
You can wear up to eight rings at the same time.
Your skin changes colour to match your surroundings (Stealth+).
Your rubbery body absorbs attacks. (AC +1, EV +1)
((You are camouflaged when in or above water. (Stealth+)))
You have tentacles for arms and can constrict up to eight enemies at once.


Message History

* * * LOW HITPOINT WARNING * * *
Unknown command.
It was a potion of magic.
Magic courses through your body.
You constrict the scorpion.
You kill the scorpion!
You feel sick.
You feel sick.
You feel sick.
There is a stone staircase leading up, spattered with blood here.
It was a potion of curing.
You feel better.
A phantom comes into view.
Casting: Beastly Appendage (safe; 2% risk of failure)
Confirm with . or Enter, or press ? or * to list all spells.
You extend your transformation's duration.
You barely miss the phantom.
Your tentacle spike misses the phantom.
You squeeze the phantom.
The phantom is lightly damaged.
The phantom misses you.
You tentacle-slap the phantom. You squeeze the phantom.
The phantom is moderately damaged.
The phantom barely misses you.
You closely miss the phantom.
You pierce the phantom, but do no damage.
Your tentacle-slap misses the phantom.
The phantom is moderately damaged.
The phantom barely misses you.
You tentacle-slap the phantom but do no damage.
Your tentacle spike misses the phantom.
The phantom is moderately damaged.
The phantom hits you!
* * * LOW HITPOINT WARNING * * *
The phantom blinks!
You blink.
A hound comes into view.
Found a fizzy golden potion.
The hound barks!
You tentacle-slap the phantom.
Your tentacle spike misses the phantom.
You squeeze the phantom, but do no damage.
The phantom is heavily damaged.
The phantom hits you!
You die...

.(. ........... . ..........
.. ..!....... .# #.
#..........#### ..#
##.#####.......#...#.##..###
#......#.........#..........
#................#..<.#
................@....##
................W...##
...................h#
#....ยงยง.......?..#
##...............##
#.<..............#
..........!...#......
...........####.......
#.#..........


You could see a phantom and a hound.

Vanquished Creatures
  An ogre (D:4)
  2 necrophages (D:4)
  A scorpion (D:5)
  A jelly (D:3)
  A hound (D:4)
  Terence (D:3)
  An orc wizard (D:4)
  2 adders (D:3)
  A white imp (D:4)
  An ufetubus (D:4)
  A worm (D:2)
  4 dart slugs
  10 orcs
  9 ball pythons
  8 endoplasms
  2 giant cockroaches
  9 hobgoblins
  4 jackals (D:2)
  4 kobolds
  4 quokkas
  7 bats
  4 frilled lizards
  13 goblins
  3 rats
94 creatures vanquished.

Notes
Turn   | Place    | Note
-------+----------+-------------------------------------------
     0 | D:1      | Jase the Octopode Transmuter began the quest for the Orb.
     0 | D:1      | Reached XP level 1. HP: 13/13 MP: 3/3
   299 | D:1      | Reached XP level 2. HP: 18/18 MP: 3/5
   302 | D:1      | Learned a level 2 spell: Wereblood
   971 | D:1      | Reached XP level 3. HP: 22/23 MP: 4/6
   975 | D:1      | Learned a level 3 spell: Spider Form
  1479 | D:2      | Reached skill level 3 in Transmutations
  2371 | D:3      | Reached XP level 4. HP: 23/28 MP: 3/7
  2397 | D:3      | Reached skill level 1 in Poison Magic
  2726 | D:3      | Found a stormy altar of Qazlal.
  2786 | D:3      | HP: 2/42 [poisoned by an adder]
  3271 | D:3      | Reached XP level 5. HP: 33/33 MP: 6/8
  3337 | D:3      | Noticed Terence
  3349 | D:3      | Killed Terence
  4112 | D:4      | Reached skill level 4 in Transmutations
  4112 | D:4      | Reached XP level 6. HP: 30/38 MP: 9/9
  5122 | D:4      | Found a shimmering altar of Xom.
  5123 | D:4      | Found an opulent altar of Gozag.
  5285 | D:4      | Found a staircase to the Ecumenical Temple.
  5292 | Temple   | Entered the Ecumenical Temple
  5411 | Temple   | Became a worshipper of Ashenzari the Shackled
  5554 | D:4      | Reached skill level 5 in Transmutations
  5554 | D:4      | Reached XP level 7. HP: 29/43 MP: 8/10
  5695 | D:4      | Noticed SpyderV's ghost (novice HOFi)
  5695 | D:4      | Identified the +5 great mace of Agony {freeze, Str+4}
  5696 | D:4      | Found a transporter.
  5696 | D:4      | Found a transporter.
  5789 | D:5      | Entered Level 5 of the Dungeon
  5864 | D:5      | Slain by a phantom

Illustrated notes

Levels and vault maps discovered:
D:1:      nzn_arrival_water_spiral, layout_basic, chequers_serial_rivers_room_a,
          st_stairs_5
D:2:      layout_loops_ring, amethyst_killhole
D:3:      layout_basic, nicolae_overflow_hidden_temple, guppyfry_early_orc_mine,
          uniq_terence
D:4:      layout_loops_cross, nicolae_overflow_two_pavilions, temple_green,
          gammafunk_ghost_smash, item_on_display_a
D:5:      layout_cave_pools, nicolae_tso_besieged_by_evil,
          chequers_ossuary_entry_cave, gup_sewer_entry_glass, minivault_26,
          kennysheep_generic_room_3
Temple:   nicolae_temple_superstar

Skill      XL: |  1  2  3  4  5  6 |
---------------+-------------------+-----
Transmutations | 3 4 5 |  5.1
Poison Magic   | 1 2 3 |  3.2
Dodging        | 3 |  3.8
Unarmed Combat | 4 |  4.4
Fighting       | |  1.0
Spellcasting   | |  2.0

Action                   |  1- 3 |  4- 6 |  7- 9 || total
-------------------------+-------+-------+-------++-------
Melee: Unarmed           |    83 |   122 |    10 ||   215
       Constrict         |    24 |    25 |     1 ||    50
       Kick              |    17 |    38 |     4 ||    59
       Tentacles         |    12 |    26 |     4 ||    42
       Punch             |     1 |     2 |     2 ||     5
 Cast: Beastly Appendage |    30 |    26 |     2 ||    58
       Wereblood         |     2 |     2 |       ||     4
  Use: Potion            |       |     1 |     2 ||     3
       Scroll            |       |       |     8 ||     8
 Stab: Sleeping          |    10 |     6 |       ||    16
Armor: Skin              |     3 |    19 |       ||    22
Dodge: Dodged            |    41 |    50 |     5 ||    96
